 Dungeon Crawl Stone Soup version 0.20-a0-795-ga03948b (webtiles) character file.

11 Gorice the Sneak (level 2, 0/15 HPs)
             Began as a Kobold Enchanter on Mar 1, 2017.
             Succumbed to a kobold's poison
             ... on level 1 of the Dungeon.
             The game lasted 00:02:24 (702 turns).

Gorice the Sneak (Kobold Enchanter)                  Turns: 702, Time: 00:02:25

Health: 0/15       AC:  2    Str:  5    XL:     2   Next: 40%
Magic:  1/5        EV: 15    Int: 16    God:
Gold:   22         SH:  0    Dex: 15    Spells: 2/5 levels left

rFire    . . .     SeeInvis .   a - +1 dagger
rCold    . . .     Gourm    .   b - +0 robe
rNeg     . . .     Faith    .   (shield restricted)
rPois    .         Spirit   .   (no helmet)
rElec    .         Reflect  .   (no cloak)
rCorr    .         Harm     .   (no gloves)
MR       .....                  (no boots)
Stlth    +++.......             (no amulet)
Regen    0.1/turn               (no ring)
MPRegen  0.1/turn               (no ring)

@: lethally poisoned (0 -> -18)
A: carnivore 3
a: no special abilities


You were on level 1 of the Dungeon.
You were completely stuffed.

You visited 1 branch of the dungeon, and saw 1 of its levels.

You collected 22 gold pieces.

Inventory:

Hand Weapons
 a - a +1 dagger (weapon)
 g - a +0 short sword
Missiles
 Z - 52 stones (quivered)
Armour
 b - a +0 robe (worn)
 h - a cursed +0 ring mail
Jewellery
 j - a cursed ring of loudness {unknown}
Scrolls
 i - a scroll of identify {unknown}
Potions
 f - a potion of lignification {unknown}
Books
 c - a book of Maledictions
Comestibles
 d - 2 meat rations {!e}


   Skills:
 + Level 2.1 Short Blades
 - Level 2.4 Dodging
 - Level 4.0 Stealth
 - Level 2.1 Spellcasting
 * Level 3.4 Hexes


You had 2 spell levels left.
You knew the following spells:

 Your Spells              Type           Power        Failure   Level  Hunger
a - Corona                Hex            ##.....      6%          1    #......
b - Ensorcelled Hibernat  Hex/Ice        #.....       17%         2    ###....


Dungeon Overview and Level Annotations

Branches:
Dungeon (1/15)

Altars:


Innate Abilities, Weirdness & Mutations

You are small and have problems with some larger weapons.
You are carnivorous and can eat meat at any time.


Message History

You are more poisoned.
Damage: 2 (max 2)
* * * LOW HITPOINT WARNING * * *
You feel sick.
Damage: 1 (max 2)
* * * LOW HITPOINT WARNING * * *
You feel sick.
Damage: 2 (max 2)
* * * LOW HITPOINT WARNING * * *
You feel sick.
Damage: 1 (max 2)
* * * LOW HITPOINT WARNING * * *
You feel sick.
Damage: 1 (max 2) It was a potion of heal wounds.
You feel much better.
You feel sick. The kobold closely misses you.
Casting: Ensorcelled Hibernation
Confirm with . or Enter, or press ? or * to list all spells.
Aiming: Corona
Press: ? - help, Shift-Dir - straight line, f/p - kobold
Aim: a kobold, wielding a dagger of venom (chance to defeat MR: 66%)
The kobold barely resists.
You feel sick. The kobold closely misses you.
Damage: 1 (max 2)
You hit the kobold.
The kobold is moderately wounded.
You feel sick. The kobold barely misses you.
Damage: 1 (max 2)
You hit the kobold but do no damage.
The kobold is moderately wounded.
You feel sick.
The kobold hits you with a dagger of venom.
You are more poisoned.
Damage: 4 (max 4)
Casting: Corona
Confirm with . or Enter, or press ? or * to list all spells.
You don't have enough magic to cast that spell.
Unknown command.
* * * LOW HITPOINT WARNING * * *
You feel sick.
Damage: 2 (max 4)
* * * LOW HITPOINT WARNING * * *
You feel sick.
Damage: 1 (max 4)
* * * LOW HITPOINT WARNING * * *
You feel sick.
Damage: 2 (max 4)
* * * LOW HITPOINT WARNING * * *
You feel sick.
Damage: 1 (max 4)
You die...

#####
....##############
##...............######
##..#####..####.@..K..#
......###...###..####.#
.#..#.........#..####.#
.#..#####...#......##.#
.#..# #..####..#.##.#
....#####..####..#.##.#
.#....................#
#
.#########+#######.####
# .# ##...##
#.########## #


You could see a kobold.

Vanquished Creatures
  2 goblins (D:1)
  A hobgoblin (D:1)
  6 kobolds (D:1)
  A bat (D:1)
  3 rats (D:1)
13 creatures vanquished.

Notes
Turn   | Place    | Note
-------+----------+-------------------------------------------
     0 | D:1      | Gorice the Kobold Enchanter began the quest for the Orb.
     0 | D:1      | Reached XP level 1. HP: 10/10 MP: 3/3
   258 | D:1      | Reached skill level 2 in Short Blades
   365 | D:1      | Reached XP level 2. HP: 11/15 MP: 5/5
   560 | D:1      | Learned a level 2 spell: Ensorcelled Hibernation
   691 | D:1      | HP: 4/15 [poisoned by a kobold]
   700 | D:1      | HP: 3/15 [poisoned by a kobold]
   702 | D:1      | Succumbed to a kobold's poison

Vault maps used:
D:1:      shiori_arrival_oz, lexackson_kobold_supper

Skill      XL: |  1 |
---------------+----+-----
Short Blades   | 2 |  2.1
Dodging        | |  2.4
Stealth        | |  4.0
Spellcasting   | |  2.1
Hexes          | |  3.4

Action                   || total
-------------------------++-------
Melee: Dagger            ||    29
 Cast: Corona            ||     2
       Ensorcelled Hiber ||     3
  Use: Potion            ||     1
 Stab: Sleeping          ||     5
  Eat: Chunk             ||     8
Armor: Robe              ||     4
Dodge: Dodged            ||    28

Table legend:
 A = Turns spent in this place as a percentage of turns spent in the entire game.
 B = Non-inter-level travel turns spent in this place as a percentage of non-inter-level travel turns spent in the entire game.
 C = Inter-level travel turns spent in this place as a percentage of turns spent in this place.
 D = Turns resting spent in this place as a percentage of non-inter-level travel turns spent in this place.
 E = Turns spent auto-exploring this place as a percentage of non-inter-level travel turns spent in this place.
 F = Non-inter-level travel turns spent in this place divided by the number of levels of this place that you've seen.
                   A       B       C       D       E      F
               +-------+-------+-------+-------+-------+----------------------
         Total | 100.0 | 100.0 |   0.0 |   1.5 |   6.5 | 261.0
       Dungeon | 100.0 | 100.0 |   0.0 |   1.5 |   6.5 | 261.0
               +-------+-------+-------+-------+-------+----------------------

Vault maps used:
D:1:      shiori_arrival_oz, lexackson_kobold_supper
